 Dungeon Crawl Stone Soup version 0.30.1-6-gbe392663c4 (webtiles) character file.

Game seed: 17319124927507128725

1172 Kurtz the Cleaver (level 8, -3/46 HPs)
             Began as a Tengu Fighter on Sept 20, 2023.
             Slain by an orc
             ... wielding a +0 mace
              (5 damage)
             ... on level 6 of the Dungeon.
             The game lasted 00:02:57 (5043 turns).

Kurtz the Cleaver (Tengu Fighter)                   Turns: 5043, Time: 00:02:58

Health: -3/46      AC:  7    Str: 19    XL:     8   Next: 41%
Magic:  9/9        EV: 11    Int:  8    God:
Gold:   235        SH:  6    Dex: 14    Spells: 7/7 levels left

rFire   + . .        s - +1 war axe (freeze)
rCold   . . .        c - +1 buckler
rNeg    . . .        B - +1 ring mail {rF+}
rPois   .            (helmet restricted)
rElec   .            f - +0 cloak
rCorr   .            (no gloves)
SInv    .            (boots unavailable)
Will    .....        (no amulet)
Stlth   +            (no ring)
HPRegen 0.27/turn    (no ring)
MPRegen 0.11/turn

%: no passive effects
@: mighty, lethally poisoned (-3 -> -6), flying quickly and evasively, slowed,
very slow
A: beak, talons 3, nimble flight
a: no special abilities


You were on level 6 of the Dungeon.
You visited 1 branch of the dungeon, and saw 6 of its levels.

You collected 235 gold pieces.

Inventory:

Hand Weapons
 a - a +0 war axe
 s - a +1 war axe of freezing (weapon)
Missiles
 j - 11 poisoned darts (quivered)
Armour
 b - a +0 scale mail
 c - a +1 buckler (worn)
 f - a +0 cloak (worn)
 y - an orb of wrath
 B - a +1 ring mail of fire resistance (worn)
Jewellery
 D - a ring of ice
Scrolls
 e - 3 scrolls of identify {unknown}
 g - 4 scrolls of poison {unknown}
 k - a scroll of acquirement {unknown}
 l - 3 scrolls of teleportation {unknown}
 o - a scroll of enchant weapon {unknown}
 p - a scroll of blinking {unknown}
 t - a scroll of butterflies {unknown}
 z - a scroll of noise {unknown}
 A - a scroll of immolation {unknown}
Potions
 d - a potion of might
 i - 2 potions of cancellation {unknown}
 m - a potion of haste {unknown}
 n - 4 potions of attraction {unknown}
 q - a potion of flight {unknown}
 r - a potion of mutation {unknown}
 u - a potion of experience {unknown}
 v - a potion of magic {unknown}
 w - a potion of heal wounds {unknown}
 x - a potion of invisibility {unknown}
 C - a potion of lignification {unknown}
 E - a potion of curing {unknown}


   Skills:
 - Level 3.0 Fighting
 * Level 10.9 Axes
 - Level 3.2 Armour
 - Level 3.0 Shields


You had 7 spell levels left.
You didn't know any spells.
Your spell library contained the following spells:

 Spells                   Type           Power      Damage    Failure   Level
 Apportation              Tloc           0%         N/A       67%         1
 Freeze                   Ice            0%         1d3       67%         1
 Blink                    Tloc           0%         N/A       80%         2
 Lesser Beckoning         Tloc           0%         N/A       80%         2
 Momentum Strike          Conj/Tloc      0%         3d8       80%         2
 Poisonous Vapours        Pois/Air       0%         N/A       80%         2
 Frozen Ramparts          Ice            0%         1d1       95%         3
 Hailstorm                Conj/Ice       0%         3d3       95%         3
 Mephitic Cloud           Conj/Pois/Air  0%         N/A       95%         3
 Ice Form                 Ice/Tmut       0%         N/A       100%        4
 Alistair's Intoxication  Tmut/Pois      0%         N/A       100%        5
 Freezing Cloud           Conj/Ice/Air   0%         6-21      100%        5
 Simulacrum               Ice/Necr       0%         N/A       100%        6


Dungeon Overview and Level Annotations

Branches:
Dungeon (6/15)
 Temple: D:4-7

Altars:
Elyvilon
Vehumet
Xom
Yredelemnul
Zin

Shops:
D:3 (

Annotations:
D:6 2 transporters, Xrynn's ghost, novice MiFi


Innate Abilities, Weirdness & Mutations

You have a beak for a mouth.
You have claws for feet.
Your magical nature lets you fly swiftly and evasively.


Message History

You hit the orc. You freeze the orc.
You kill the orc!
An orc comes into view. It is wielding a +0 dagger.
An orc comes into view. It is wielding a +0 mace.
The orc shouts!
Things that are here:
a +0 club; 2 boomerangs of dispersal; an orc corpse You hit the orc.
You freeze the orc. Your kick misses the orc.
The orc is heavily wounded.
The orc hits you but does no damage.
You hit the orc but do no damage. Your peck misses the orc.
The orc is heavily wounded.
You closely miss the hornet. The hornet stings you!
You feel yourself slow down. The orc hits you but does no damage.
Unknown command.
You feel very mighty all of a sudden.
You feel yourself speed up. The hornet stings you.
You are poisoned.
You suddenly lose the ability to move!
The sleepcap releases spores at you but does no damage.
The hornet barely misses you.
You feel sick. The hornet stings you.
* * * LOW HITPOINT WARNING * * *
You feel yourself slow down. The sleepcap releases spores at you.
* * * LOW HITPOINT WARNING * * *
The orc hits you but does no damage.
The hornet stings you but does no damage.
You can move again.
Unknown command.
Unknown command.
As you read the scroll labelled LOOFEV RUCEDIATO, it crumbles to dust.
It is a scroll of enchant armour.
Your +0 buckler glows green for a moment.
* * * LOW HITPOINT WARNING * * *
You feel sick.
The hornet stings you but does no damage.
The sleepcap completely misses you. The orc hits you with a +0 dagger.
* * * LOW HITPOINT WARNING * * *
The orc barely misses you. The orc hits you with a +0 mace.
You die...

......<..##.......#.#..
.........#..............
...#..##............#...
....#.............#.....
.>###...###.........#.#
#####.......)...)......
###......##........##..
....###.........of##
...## ##...(....@o.#
#.## ##.......oy......
..# #............... #.#
##....#......... #.#
##...#......... #.#
##............ ..#
#......#..... ###
.......####.. #


You could see a hornet, a sleepcap and 3 orcs.

Vanquished Creatures
  Grinder (D:4)
  Menkaure (D:5)
  An ogre (D:6)
  A phantom (D:4)
  4 scorpions
  3 wights (D:6)
  3 hounds
  2 iguanas
  A gnoll (D:2)
  7 adders
  A white imp (D:5)
  2 adder zombies (D:3)
  A worm (D:3)
  2 dart slugs (D:3)
  8 orcs
  12 ball pythons
  5 endoplasms
  3 giant cockroaches
  8 goblins
  7 hobgoblins
  A jackal (D:2)
  8 kobolds
  4 quokkas
  3 bats
  3 frilled lizards
  5 rats
97 creatures vanquished.

Notes
Turn   | Place    | Note
-------+----------+-------------------------------------------
     0 | D:1      | Kurtz the Tengu Fighter began the quest for the Orb.
     0 | D:1      | Reached XP level 1. HP: 14/14 MP: 2/2
   100 | D:1      | Reached XP level 2. HP: 19/19 MP: 3/3
   101 | D:1      | Reached skill level 3 in Axes
   432 | D:2      | Reached XP level 3. HP: 22/23 MP: 4/4
   443 | D:2      | Reached skill level 4 in Axes
   697 | D:2      | Found a faded altar of an unknown god.
   866 | D:2      | Reached XP level 4. HP: 28/28 MP: 5/5
  1039 | D:3      | Found a white marble altar of Elyvilon.
  1166 | D:3      | Reached skill level 5 in Axes
  1275 | D:3      | Found a glowing silver altar of Zin.
  1310 | D:3      | Found Erauma's Antique Weapon Emporium.
  1447 | D:3      | Found a basalt altar of Yredelemnul.
  1776 | D:4      | Noticed Grinder
  1787 | D:4      | Killed Grinder
  1788 | D:4      | Reached skill level 7 in Axes
  1788 | D:4      | Gained mutation: Your magical nature lets you fly swiftly
                  | and evasively. [Tengu growth]
  1788 | D:4      | Reached XP level 5. HP: 5/32 MP: 6/6
  1788 | D:4      | Reached XP level 6. HP: 6/37 MP: 7/7
  2153 | D:4      | Found a shimmering altar of Xom.
  2171 | D:4      | Reached skill level 8 in Axes
  2171 | D:4      | Reached XP level 7. HP: 19/41 MP: 8/8
  2455 | D:5      | Entered Level 5 of the Dungeon
  2455 | D:5      | Noticed Menkaure
  2472 | D:5      | Killed Menkaure
  2597 | D:5      | Reached skill level 9 in Axes
  3120 | D:5      | Found a radiant altar of Vehumet.
  3561 | D:5      | Reached XP level 8. HP: 46/46 MP: 9/9
  4336 | D:6      | Reached skill level 10 in Axes
  4868 | D:6      | Found a transporter.
  4924 | D:6      | Noticed Xrynn's ghost (novice MiFi)
  4926 | D:6      | Identified the +0 ring mail of the Nightingale {rN+ Str+5
                  | Dex-3 SInv}
  4967 | D:6      | Found a transporter.
  5036 | D:6      | Noticed a hornet
  5041 | D:6      | Paralysed by a hornet for 2 turns
  5043 | D:6      | HP: 2/46 [orc/+0 dagger (3)]
  5043 | D:6      | Slain by an orc

Illustrated notes

Levels and vault maps discovered:
D:1:      minmay_arrival_arboretum_large, layout_basic
D:2:      minmay_chambers_of_twos, layout_basic, ebering_ecumenical_altar_webs
D:3:      wad_river_or_something, layout_rooms, elyvilon_altar_5,
          lemuel_zombie_altar_yredelemnul, general_overflow_altar, serial_shops,
          shop
D:4:      layout_rooms, tgw_xom, uniq_grinder
D:5:      layout_layer_cave, fiery_altar_vehumet, chequers_garden, uniq_menkaure
D:6:      layout_cave_pools, marbit_many_paths, minmay_temple_entry_glass,
          gammafunk_ghost_gnarly_gnolls

Skill      XL: |  1  2  3  4  5  6  7  8 |
---------------+-------------------------+-----
Axes           | 3 4 7 8 9 10 | 10.9
Fighting       | |  3.0
Armour         | |  3.2
Shields        | |  3.0

Action                     |  1- 3 |  4- 6 |  7- 9 || total
---------------------------+-------+-------+-------++-------
  Melee: War axe           |    59 |    85 |    73 ||   217
         Kick              |    16 |    13 |    18 ||    47
         Peck              |     7 |     7 |    14 ||    28
    Use: Potion            |       |     1 |     1 ||     2
         Scroll            |       |       |     1 ||     1
 Armour: Scale mail        |    32 |    37 |    13 ||    82
         Ring mail         |       |       |    11 ||    11
  Dodge: Dodged            |    24 |    28 |    32 ||    84
  Block: Buckler           |     9 |    16 |    10 ||    35
